 Dungeon Crawl Stone Soup version 0.22-a0-447-gee5f723 (webtiles) character file.

13157 Leszczynek the Carver (level 11, 80/92 HPs)
             Began as a Green Draconian Abyssal Knight on June 3, 2018.
             Was a High Priest of Lugonu.
             Quit the game on level 2 of the Lair of Beasts.
             The game lasted 00:56:49 (12045 turns).

Leszczynek the Carver (DrAK)                       Turns: 12045, Time: 00:56:49

Health: 80/92      AC:  9    Str: 15    XL:     11   Next: 71%
Magic:  11/16      EV: 16    Int: 12    God:    Lugonu [*****.]
Gold:   443        SH:  0    Dex: 14    Spells: 10/16 levels left

rFire    . . .     SeeInvis .   a - +0 scimitar
rCold    + . .     Gourm    .   (no shield)
rNeg     . . .     Faith    .   (armour unavailable)
rPois    +         Spirit   .   (helmet restricted)
rElec    .         Reflect  .   R - +0 cloak
rCorr    .         Harm     .   Q - +0 pair of gloves
MR       .....                  (no boots)
Stlth    +.........             y - amulet of rage
HPRegen  0.25/turn              e - ring of protection from cold
MPRegen  0.15/turn              k - +1 ring of evasion

@: very slightly contaminated
A: breathe noxious fumes, unfitting armour, poison resistance, cold-blooded, AC
+7
a: Breathe Noxious Fumes, Depart the Abyss, Bend Space, Banish, Corrupt, Enter
the Abyss, Renounce Religion, Evoke Berserk Rage


You were on level 2 of the Lair of Beasts.
You worshipped Lugonu.
Lugonu was extremely pleased with you.
You were not hungry.

You visited 2 branches of the dungeon, and saw 14 of its levels.
You visited the Abyss 1 time.
You also visited: Ossuary.

You collected 506 gold pieces.
You spent 63 gold pieces at shops.

Inventory:

Hand Weapons
 a - a +0 scimitar (weapon)
 N - a +0 blowgun
 U - a +3 great sword
Missiles
 c - 105 sling bullets
 g - 12 tomahawks (quivered)
 l - 181 arrows
 p - 2 javelins
Armour
 F - a cursed +0 shield
 Q - a +0 pair of gloves (worn)
 R - a +0 cloak (worn)
Jewellery
 e - a ring of protection from cold (left hand)
 k - a +1 ring of evasion (right hand)
 y - an amulet of rage (around neck)
 E - an uncursed ring of see invisible
 J - an uncursed ring of protection from fire
Wands
 f - a wand of iceblast (27)
 s - a wand of digging (21)
 w - a wand of flame (19)
 B - a wand of enslavement (16)
 M - a wand of random effects (31)
 S - a wand of clouds (3)
 V - a wand of polymorph (5)
Scrolls
 b - 2 scrolls of magic mapping
 i - 2 scrolls of teleportation
 j - 4 scrolls of fear {unknown}
 m - a scroll of blinking {unknown}
 r - a scroll of enchant armour {unknown}
 u - a scroll of noise {unknown}
 v - 4 scrolls of remove curse {@r2}
 C - 2 scrolls of enchant weapon {unknown}
 I - 3 scrolls of immolation {unknown}
 L - a scroll of vulnerability {unknown}
 O - a scroll of fog {unknown}
 T - a scroll of acquirement {unknown}
 W - 2 scrolls of identify {@r1}
Potions
 h - 3 potions of mutation {!q}
 n - 2 potions of heal wounds {@q2}
 o - 4 potions of curing {@q1}
 q - 4 potions of agility
 t - a potion of flight
 x - a potion of brilliance {unknown}
 z - 3 potions of haste
 A - 2 potions of magic {unknown}
 G - 3 potions of degeneration {unknown}
 H - 5 potions of cancellation {unknown}
 K - a potion of might
 P - a potion of ambrosia
Miscellaneous
 X - a phial of floods
Comestibles
 d - 16 rations
 D - 6 chunks of flesh


   Skills:
 - Level 7.4 Fighting
 - Level 12.2 Long Blades
 - Level 5.1 Dodging
 + Level 3.4 Spellcasting
 - Level 8.0 Summonings
 - Level 8.0 Air Magic
 - Level 3.0 Invocations


You had 10 spell levels left.
You knew the following spells:

 Your Spells              Type           Power        Failure   Level  Hunger
a - Passwall              Tmut/Erth      #.......     34%         2    ##.....
f - Summon Lightning Spi  Summ/Air       ###.....     9%          4    #####..

Your spell library contained the following spells:

 Spells                   Type           Power        Failure   Level  Hunger
 Fireball                 Conj/Fire      #.........   100%        5    ######.
 Conjure Flame            Conj/Fire      #.......     56%         3    ###....
 Confuse                  Hex            #.......     56%         3    ###....
 Throw Flame              Conj/Fire      #.....       34%         2    ##.....
 Summon Small Mammal      Summ           ###.         1%          1    #......
 Sticky Flame             Conj/Fire      #.......     93%         4    #####..
 Summon Ice Beast         Ice/Summ       ##......     41%         4    #####..
 Call Imp                 Summ           ###.....     1%          2    ##.....
 Tukima's Dance           Hex            #.......     56%         3    ###....
 Stone Arrow              Conj/Erth      #.....       56%         3    ###....
 Flame Tongue             Conj/Fire      #....        24%         1    #......
 Call Canine Familiar     Summ           ###.....     2%          3    ###....
 Ensorcelled Hibernation  Hex/Ice        #.....       34%         2    ##.....
 Corona                   Hex            #......      24%         1    #......
 Lee's Rapid Deconstruct  Erth           #.........   100%        5    ######.
 Sandblast                Erth           #.....       24%         1    #......
 Petrify                  Tmut/Erth      #.......     93%         4    #####..
 Inner Flame              Hex/Fire       #.......     56%         3    ###....
 Dazzling Spray           Conj/Hex       #.....       56%         3    ###....
 Summon Guardian Golem    Hex/Summ       ##......     14%         3    ###....


Dungeon Overview and Level Annotations

Branches:
Dungeon (12/15)            Temple (0/1) D:4            Lair (2/6) D:8
  Swamp: Lair:2-4    Shoals: Lair:2-4     Snake: Lair:2-4    Spider: Lair:2-4
    Orc: D:9-12

Altars:
Cheibriados
Dithmenos
Fedhas
Gozag
Kikubaaqudgha
Makhleb
Okawaru
Ru
Sif Muna
Uskayaw
Xom
Yredelemnul
The Shining One

Shops:
D:10 *

Annotations:
Lair:1 exclusion: black mamba


Innate Abilities, Weirdness & Mutations

You can breathe blasts of noxious fumes.
Your lurid green scales are hard. (AC +7)
You cannot fit into any form of body armour.
Your system is resistant to poisons. (rPois)
You are cold-blooded and may be slowed by cold attacks.


Message History

Lugonu accepts your kill.
g - 10 tomahawks (gained 1)
You see here a bullfrog corpse.
You butcher the bullfrog corpse.
D - 6 chunks of flesh (gained 1)
You see here a porcupine corpse.
You butcher the porcupine corpse.
D - 7 chunks of flesh (gained 1)
You see here a porcupine skeleton.
Your lightning spire disappears in a puff of smoke!
You have got your breath back.
g - 11 tomahawks (gained 1)
g - 12 tomahawks (gained 1) Eat one of 7 chunks of flesh? (ye/n/q)
You eat one of the 7 chunks of flesh.
This raw flesh tastes terrible.
Save game and exit?
Welcome back, Leszczynek the Green Draconian Abyssal Knight.
Lugonu says: Spread carnage and corruption!
Press ? for a list of commands and other information.
Are you sure you want to abandon this character and quit the game? (Confirm with "yes".)

...#. ##.#....#....... #.......
#.#...##..#....#..## ##..##.#..(.
#.........##...#...##..8.+.......
#...#.+#†.#.....####.........P...
P.........###...#.#....#.#.......
.......P.#.##.÷......# .....P...
......).P.#..#...8...#. .....P...
........P............# .........
...............8@..8.# .P#..#...
.#..........#.......# ........P
...............8...# #####.#P.
P.........##.......# ###P.
##.#....###...# ##. #.....# ....#
#. .8..# #...# #. ..## ..... ....
#+ #...# ####


There were no monsters in sight!

Vanquished Creatures
  Josephine (D:10)
  A two-headed ogre (D:9)
  A wizard (D:11)
  A komodo dragon (Lair:1)
  2 kobold demonologists (D:11)
  A rime drake (Lair:1)
  2 trolls
  A hornet (D:8)
  2 hippogriffs
  2 humans (D:7)
  3 wraiths (D:10)
  A spriggan (D:11)
  11 yaks
  2 hungry ghosts
  A steam dragon (D:8)
  2 water moccasins
  3 orc warriors
  3 ice beasts
  A black bear (D:9)
  2 necrophages
  A phantom (D:6)
  3 sky beasts
  3 ogres
  5 wolves (Lair:1)
  3 centaurs (D:8)
  2 crocodiles
  5 bullfrogs
  A gnoll sergeant (D:10)
  2 scorpions
  13 killer bees
  12 wights
  3 electric eels (D:10)
  3 howler monkeys (D:7)
  4 crimson imps
  3 centaur zombies
  9 hounds
  4 orc priests
  A bullfrog skeleton (D:8)
  5 jellies
  10 orc wizards
  A centaur skeleton (D:4)
  An iguana (D:11)
  Natasha (D:4)
  13 worker ants
  A hound skeleton (D:9)
  A worker ant zombie (D:9)
  11 adders
  4 gnolls (D:10)
  A shadow imp (D:9)
  3 oozes
  An adder zombie (Ossuary)
  2 worms (D:4)
  A dart slug (D:1)
  5 leopard geckos
  23 orcs
  A ball python (D:6)
  2 bat zombies (D:8)
  5 giant cockroaches
  4 goblins
  5 hobgoblins
  8 jackals
  11 kobolds
  5 quokkas
  2 ball python skeletons (Ossuary)
  7 bats
  3 frilled lizards
  A hobgoblin skeleton (Ossuary)
  A jackal zombie (D:7)
  3 kobold zombies (Ossuary)
  A leopard gecko skeleton (D:4)
  3 orc skeletons (Ossuary)
  A quokka zombie (D:10)
  2 rat zombies (D:8)
  A spectral orc (D:4)
  A fungus (Lair:2)
271 creatures vanquished.

Vanquished Creatures (collateral kills)
  A merfolk siren (Lair:2)
  A spiny frog (Lair:2)
  A komodo dragon (Lair:2)
  3 yaks (Lair:1)
  A porcupine (Lair:2)
  A killer bee (D:8)
8 creatures vanquished.

Vanquished Creatures (others)
  A killer bee (D:11)
  10 fungi
  3 plants (D:8)
14 creatures vanquished.

Grand Total: 293 creatures vanquished

Notes
Turn   | Place    | Note
-------+----------+-------------------------------------------
     0 | Abyss:1  | Leszczynek the Draconian Abyssal Knight began the quest for the Orb.
     0 | Abyss:1  | Reached XP level 1. HP: 19/19 MP: 2/2
    51 | Abyss:2  | Noticed a starcursed mass
    53 | D:1      | Escaped the Abyss
    53 | D:1      | Noticed a shadow dragon
    57 | D:1      | Noticed an ice dragon
    57 | D:1      | Noticed an orb of fire
    59 | D:1      | Noticed an iron dragon
    61 | D:1      | Noticed a shadow dragon
    62 | D:1      | Noticed an iron dragon
    64 | D:1      | Noticed a large abomination
    64 | D:1      | Noticed a red draconian
    66 | D:1      | Noticed an iron dragon
    68 | D:1      | Noticed an ice dragon
    68 | D:1      | Noticed a tentacled monstrosity
    70 | D:1      | Noticed an ice dragon
    74 | D:1      | Noticed a large abomination
   375 | D:2      | Found a burning altar of Makhleb.
   394 | D:2      | Reached XP level 2. HP: 26/26 MP: 3/3
   507 | D:2      | Reached * piety under Lugonu
   516 | D:2      | Reached skill level 3 in Long Blades
   765 | D:2      | Reached XP level 3. HP: 21/31 MP: 4/4
  1138 | D:3      | Found a shadowy altar of Dithmenos.
  1163 | D:3      | Reached skill level 4 in Long Blades
  1341 | D:3      | Reached ** piety under Lugonu
  1348 | D:3      | Noticed a hand axe
  1349 | D:3      | Found a hide-covered altar of Uskayaw.
  1350 | D:3      | Noticed a hand axe
  1706 | D:4      | Noticed an ogre
  1863 | D:4      | Reached XP level 4. HP: 37/38 MP: 5/5
  1897 | D:4      | Found a basalt altar of Yredelemnul.
  1936 | D:4      | Found a staircase to the Ecumenical Temple.
  2035 | D:3      | Reached skill level 5 in Long Blades
  2073 | D:4      | Noticed Natasha
  2078 | D:4      | Killed Natasha
  2078 | D:4      | Reached XP level 5. HP: 43/45 MP: 6/6
  2347 | D:5      | Entered Level 5 of the Dungeon
  2385 | D:5      | Reached skill level 6 in Long Blades
  2627 | D:5      | Reached XP level 6. HP: 29/51 MP: 7/7
  2734 | D:5      | Noticed a sky beast
  2765 | D:5      | HP: 13/76 [sky beast (5)]
  2771 | D:5      | HP: 6/76 [sky beast (2)]
  2785 | D:5      | Killed a sky beast
  2993 | D:5      | Reached skill level 7 in Long Blades
  3073 | D:5      | right
  3209 | D:5      | Found a hide-covered altar of Uskayaw.
  3395 | D:5      | Your scales start taking on a lurid green colour.
  3395 | D:5      | Reached XP level 7. HP: 57/57 MP: 8/8
  3395 | D:5      | Gained mutation: Your system is resistant to poisons. (rPois) [Green Draconian growth]
  3569 | D:6      | Found an opulent altar of Gozag.
  3599 | D:6      | Reached skill level 8 in Long Blades
  3629 | D:6      | Found a shimmering altar of Xom.
  3916 | D:6      | Reached skill level 9 in Long Blades
  4054 | D:6      | Got a steaming rapier
  4055 | D:6      | Identified the cursed +0 rapier of Yredelemnul {pierce, Str+6} (You found it on level 6 of the Dungeon)
  4099 | D:6      | Reached XP level 8. HP: 40/63 MP: 9/9
  4222 | D:6      | Learned a level 2 spell: Passwall
  4249 | D:6      | Reached skill level 10 in Long Blades
  4751 | D:7      | Found a deep blue altar of Sif Muna.
  4845 | D:7      | Reached skill level 11 in Long Blades
  4881 | D:7      | Reached *** piety under Lugonu
  4928 | D:7      | Found an iron altar of Okawaru.
  4987 | D:7      | Reached XP level 9. HP: 56/68 MP: 10/10
  5114 | D:7      | Reached skill level 4 in Fighting
  5205 | D:7      | Found a sacrificial altar of Ru.
  5376 | D:8      | Found a glowing golden altar of the Shining One.
  5399 | D:8      | Found a snail-covered altar of Cheibriados.
  5425 | D:8      | Found a blossoming altar of Fedhas.
  5454 | D:8      | Learned a level 4 spell: Summon Lightning Spire
  5470 | D:8      | Reached skill level 12 in Long Blades
  5546 | D:8      | Found a sand-covered staircase.
  5562 | Ossuary  | Entered an ossuary
  5807 | Ossuary  | HP: 14/70 [wraith (5)]
  6083 | D:8      | Reached skill level 1 in Summonings
  6083 | D:8      | Reached skill level 1 in Air Magic
  6089 | D:8      | Reached skill level 3 in Dodging
  6127 | D:8      | Reached skill level 5 in Fighting
  6289 | D:8      | Reached skill level 2 in Air Magic
  6512 | D:8      | Reached skill level 2 in Summonings
  6539 | D:8      | Found a staircase to the Lair.
  6735 | D:8      | Reached **** piety under Lugonu
  6735 | D:8      | Reached skill level 6 in Fighting
  6960 | D:8      | Found an ancient bone altar of Kikubaaqudgha.
  7115 | D:9      | Reached skill level 3 in Invocations
  7167 | D:9      | Noticed a troll
  7189 | D:9      | Killed a troll
  7189 | D:9      | Reached XP level 10. HP: 72/81 MP: 12/12
  7267 | D:9      | Reached skill level 4 in Dodging
  7279 | D:9      | Reached skill level 3 in Air Magic
  7309 | D:9      | Reached skill level 3 in Summonings
  7719 | D:9      | Noticed a two-headed ogre
  7941 | D:9      | Killed a two-headed ogre
  7941 | D:9      | Reached skill level 4 in Summonings
  7941 | D:9      | Reached skill level 4 in Air Magic
  8058 | D:10     | Entered Level 10 of the Dungeon
  8186 | D:10     | Noticed Josephine
  8213 | D:10     | Killed Josephine
  8213 | D:10     | Reached skill level 7 in Fighting
  8213 | D:10     | Reached skill level 5 in Summonings
  8213 | D:10     | Reached skill level 5 in Air Magic
  8653 | D:10     | Reached skill level 5 in Dodging
  8801 | D:10     | Reached XP level 11. HP: 73/90 MP: 13/13
  8807 | D:10     | Found Ywicw's General Store.
  8816 | D:10     | Bought a +0 cloak for 63 gold pieces
  9065 | D:10     | ...
  9065 | D:10     | the fucking buckler gnoll drowned
  9065 | D:10     | great
  9137 | D:10     | Reached skill level 6 in Air Magic
  9209 | D:11     | Reached skill level 6 in Summonings
  9215 | D:11     | Noticed a sun demon
  9288 | D:11     | Reached skill level 1 in Spellcasting
  9325 | D:11     | Noticed a wizard
  9359 | D:11     | Killed a wizard
  9465 | D:11     | Noticed a white ugly thing
  9631 | D:11     | Noticed a white ugly thing
  9914 | D:11     | Reached skill level 2 in Spellcasting
 10127 | D:11     | You pass out from exhaustion.
 10784 | Lair:1   | Entered Level 1 of the Lair of Beasts
 10838 | Lair:1   | Reached skill level 7 in Air Magic
 10931 | Lair:1   | Reached skill level 7 in Summonings
 11390 | Lair:1   | Reached ***** piety under Lugonu
 11653 | Lair:2   | Reached skill level 3 in Spellcasting
 11956 | Lair:2   | Reached skill level 8 in Air Magic
 12021 | Lair:2   | Reached skill level 8 in Summonings
 12045 | Lair:2   | Quit the game

Vault maps used:
D:1:      shiori_arrival_whats_in_store_for_you, hangedman_glass_teeth
D:2:      first_ration, glass_columns_b, minmay_crystal_room, bloody_makhleb
D:3:      dancing_weapons_uskayaw, nicolae_dithmenos_shadow_blocks
D:4:      yredelemnul_forgotten_temple_becter, minmay_temple_entry_grid,
          serial_forest, infiniplex_forest_zigzag_1, infiniplex_forest_fountain,
          infiniplex_forest_lined_2, infiniplex_forest_lined_3,
          infiniplex_forest_end_double, infiniplex_forest_straight_3,
          infiniplex_forest_straight_4, kennysheep_generic_room_15, uniq_natasha
D:5:      basic_altar
D:6:      lemuel_doored_altar, basic_altar, kennysheep_opposing_triangles
D:7:      okawaru_humans, old_standard_altar, kennysheep_little_box,
          led_sif_pool, minmay_misc_feat_rugged
D:8:      marbit_many_paths, old_standard_altar,
          lemuel_zombie_altar_kikubaaqudgha, tso_oasis_becter,
          cheibrodos_worm_habitat, dpeg_oklobed_lair,
          lightli_ossuary_entry_decrepit_ruins
D:9:      serial_glass, glass_columns_a, glass_columns_b, item_on_display_a
D:10:     serial_shops, shop, corexii_leaking_fountain, grunt_ministairs_11,
          uniq_josephine
D:11:     the_bakery, bh_hangedman_babel_library
D:12:     orc_0_dummy, uniq_harold, uniq_frances
Lair:1:   infiniplex_staircase_pool_2
Lair:2:   elwin_shoals_entry_stream, ldierk_geyser, grunt_megastairs_4
Abyss:1:  minivault_1
Abyss:2:  hangedman_classic_abyss_death
Ossuary:  ossuary_due_cavern

Skill      XL: |  1  2  3  4  5  6  7  8  9 10 11 |
---------------+----------------------------------+-----
Long Blades    | 3 4 5 6 7 9 11 12 | 12.2
Fighting       | 6 7 |  7.4
Summonings     | 2 5 8 |  8.0
Air Magic      | 2 5 8 |  8.0
Dodging        | 3 5 |  5.1
Invocations    | 3 |  3.0
Spellcasting   | 3 |  3.4

Action                   |  1- 3 |  4- 6 |  7- 9 | 10-12 || total
-------------------------+-------+-------+-------+-------++-------
Melee: Falchion          |   113 |   155 |    34 |       ||   302
       Tailslap          |    18 |    23 |    50 |    86 ||   177
       Scimitar          |       |       |   336 |   467 ||   803
Throw: Javelin           |     2 |       |       |       ||     2
       Throwing net      |       |     1 |       |       ||     1
       Tomahawk          |       |       |       |     8 ||     8
 Cast: Summon Lightning  |       |       |       |     6 ||     6
Invok: Depart the Abyss  |     1 |       |       |       ||     1
 Abil: Breathe Noxious F |       |       |    16 |    28 ||    44
       Evoke Berserk Rag |       |       |       |     3 ||     3
Evoke: Wand              |       |       |       |     8 ||     8
  Use: Scroll            |     4 |       |     6 |     4 ||    14
       Potion            |     2 |     5 |     1 |     5 ||    13
 Stab: Sleeping          |     1 |     1 |     2 |       ||     4
       Confused          |       |       |     9 |    20 ||    29
       Distracted        |       |       |       |     1 ||     1
  Eat: Chunk             |     3 |     3 |    13 |    22 ||    41
       Ration            |       |     1 |     1 |     2 ||     4
Armor: Skin              |    33 |    81 |    68 |    94 ||   276
Dodge: Dodged            |    86 |    60 |   192 |   326 ||   664
       Rpst.: Falchion   |    24 |    23 |     7 |       ||    54
       Scimitar          |       |       |    52 |    91 ||   143

Table legend:
 A = Spawn XP
 B = Non-spawn XP
 C = Spawn XP percentage of total XP
 D = Spawn monster count
 E = Non-spawn monster count
 F = Spawn count percentage of total count
 G = Total turns spent on level
                    A         B        C        D         E        F      G
               +---------+---------+-------+---------+---------+-------+---------
         Total |       0 |   18796 |   0.0 |       0 |     279 |   0.0 | 12045
               +---------+---------+-------+---------+---------+-------+---------
           D:1 |       0 |      11 |   0.0 |       0 |       5 |   0.0 |   248
           D:2 |       0 |      41 |   0.0 |       0 |      15 |   0.0 |   723
           D:3 |       0 |      44 |   0.0 |       0 |      15 |   0.0 |   852
           D:4 |       0 |     182 |   0.0 |       0 |      11 |   0.0 |   573
           D:5 |       0 |     556 |   0.0 |       0 |      15 |   0.0 |  1155
           D:6 |       0 |    1285 |   0.0 |       0 |      25 |   0.0 |  1013
           D:7 |       0 |    1239 |   0.0 |       0 |      20 |   0.0 |   748
           D:8 |       0 |    1749 |   0.0 |       0 |      35 |   0.0 |  1436
           D:9 |       0 |    2286 |   0.0 |       0 |      27 |   0.0 |  1329
          D:10 |       0 |    4059 |   0.0 |       0 |      43 |   0.0 |  1168
          D:11 |       0 |    2967 |   0.0 |       0 |      30 |   0.0 |  1141
          D:12 |       0 |      13 |   0.0 |       0 |       1 |   0.0 |    41
        Lair:1 |       0 |    2790 |   0.0 |       0 |      18 |   0.0 |   998
        Lair:2 |       0 |    1438 |   0.0 |       0 |       7 |   0.0 |   263
       Ossuary |       0 |     136 |   0.0 |       0 |      12 |   0.0 |   304
               +---------+---------+-------+---------+---------+-------+---------
